AoeStats
← TheZenTex

Arabia

508880748Analyzed
1v1 RM · 8d ago on Sep 24, 2026· 39m 47s· 2 players
Game mode
Random Map
Map size
Tiny (2 player)
Population
200
Speed
Normal
Resources
Standard
Victory
Conquest
Starting age
Dark Age
Ending age
Imperial Age
RankedLock teamsTeams togetherTeam positionsShared explorationLock speedFull tech treeHidden civsTurbo modeCheats
Victory
Defeat
🇩🇪 Franks · Germany
1267
+15
🇺🇸 Varangians · United States
1252
-15
TheZenTex
6:58 Loom
7:04 Loom
9:43 Feudal Age
10:18 Double-Bit Axe
10:15 Horse Collar
16:32 Bloodlines
22:58 Castle Age
21:32 Scale Barding Armor
22:38 Forging
26:38 Chain Barding Armor
28:58 Iron Casting
40:03 Imperial Age
38:06 Vendel Legacy
omnomhailz
6:24 Loom
8:45 Feudal Age
10:04 Double-Bit Axe
16:48 Wheelbarrow
19:26 Castle Age
18:11 Forging
18:07 Scale Barding Armor
17:56 Gold Mining
20:19 Bow Saw
25:48 Stone Mining
27:07 Hand Cart
29:29 Chain Barding Armor
29:45 Iron Casting
32:12 Imperial Age
30:36 Fletching
31:08 Light Cavalry
31:49 Husbandry
32:47 Town Watch
34:16 Blast Furnace
35:41 Plate Barding Armor
37:52 Bodkin Arrow
37:48 Cavalier
40:09 Chemistry
39:31 Ballistics
40:15 Town Patrol
Connection lost

Rejoining the realm…

Still unreachable

The connection could not be restored.

Session expired

The server has moved on; the page needs a fresh start.